 Dungeon Crawl Stone Soup version 0.29-a0-582-ge82337ba6a (webtiles) character file.

Game seed: 18273689272775248823

199175 croobank the Unseen (level 18, -7/145 HPs)
             Began as a Gnoll Delver on June 14, 2022.
             Was an Initiate of Gozag.
             Splashed by a goliath frog's acid (8 damage)
             ... on level 3 of the Swamp.
             The game lasted 05:03:28 (50921 turns).

croobank the Unseen (Gnoll Delver)                 Turns: 50921, Time: 05:03:28

Health: -7/145     AC:  7    Str: 12    XL:     18   Next: 46%
Magic:  28/34      EV: 22    Int: 20    God:    Gozag
Gold:   4602       SH:  0    Dex: 14    Spells: 1/41 levels left

rFire   . . .      SeeInvis .   t - +6 quarterstaff (chaos)
rCold   + . .      Faith    .   (shield currently unavailable)
rNeg    . . .      Spirit   .   D - +3 leather armour {Will+}
rPois   +          Reflect  .   q - +1 hat {Int+3}
rElec   .          Harm     .   J - scarf {repulsion}
rCorr   .          Rampage  .   x - +2 pair of gloves
Will    ++...                   y - +2 pair of boots
Stlth   +++++++...              M - amulet of regeneration
HPRegen 1.94/turn               o - ring of protection from cold
MPRegen 0.24/turn               T - ring of Democracy {rPois EV+4 Stlth+}

@: corroded, repel missiles
A: fangs 1, strong nose, distributed training, horns 1, regeneration 1,
MP-powered wands
}: 1/15 runes: gossamer
a: Renounce Religion, Potion Petition, Call Merchant, Bribe Branch


You were on level 3 of the Swamp.
You worshipped Gozag.
Gozag was most pleased with you.
You visited 6 branches of the dungeon, and saw 30 of its levels.
You also visited: Ossuary, Bailey and Ice Cave.

You collected 11244 gold pieces.
You spent 120 gold pieces at shops.
You paid 6522 gold pieces to Gozag.

Inventory:

Hand Weapons
 f - a +2 mace of holy wrath
 t - a +6 quarterstaff of chaos (weapon)
 w - the +8 arc blade {discharge, rElec}
   (You acquired it on level 10 of the Dungeon)

   It occasionally unleashes powerful arcs of lightning upon striking a foe.
   These may arc to other adjacent creatures (including the wielder, but dealing
   reduced damage to them) before grounding out.
   rElec:     It insulates you from electricity.
 z - a +2 arbalest of flaming
 O - a +2 dagger of speed
 U - a +1 broad axe of venom
 V - a +2 shortbow of flaming
Missiles
 h - 4 silver boomerangs
 Z - 9 silver javelins
Armour
 b - the +0 robe "Capsyur" {rElec rPois SInv Archmagi}
   (You found it on level 6 of the Lair of Beasts)

   rElec:     It insulates you from electricity.
   rPois:     It protects you from poison.
   SInv:      It lets you see invisible.
   Archmagi:  It increases the power of your magical spells.
 n - a +0 crystal plate armour
 q - a +1 hat of intelligence (worn)
 u - a +2 cloak
 x - a +2 pair of gloves (worn)
 y - a +2 pair of boots (worn)
 D - a +3 leather armour of willpower (worn)
 J - a scarf of repulsion (worn)
 N - the +2 kite shield of Fun and Games {-Tele rC+ Regen+ Stlth+}
   (You took it off Donald on level 4 of the Spider Nest)

   rC:        It protects you from cold.
   -Tele:     It prevents most forms of teleportation.
   Regen:     It increases your rate of health regeneration.
   Stlth:     It makes you more stealthy.
Jewellery
 i - a ring of protection from fire
 l - the ring of Xaovao {rElec Str+6 SInv}
   (You found it on level 1 of the Spider Nest)

   [ring of strength]

   Str:       It affects your strength (+6).
   rElec:     It insulates you from electricity.
   SInv:      It lets you see invisible.
 o - a ring of protection from cold (left hand)
 v - an amulet of reflection
 K - a ring of see invisible
 M - an amulet of regeneration (around neck)
 R - a ring of fire
 T - the ring of Democracy (right hand) {rPois EV+4 Stlth+}
   (You found it in a bailey)

   [ring of evasion]

   EV:        It affects your evasion (+4).
   rPois:     It protects you from poison.
   Stlth:     It makes you more stealthy.
 W - a ring of flight
 X - a +4 ring of evasion
Wands
 a - a wand of mindburst (22)
 g - a wand of digging (6)
 B - a wand of iceblast (8)
 F - a wand of flame (58)
 I - a wand of paralysis (13) (quivered)
 Q - a wand of acid (2)
Scrolls
 d - 4 scrolls of teleportation
 j - 5 scrolls of magic mapping
 s - a scroll of enchant armour
 E - 2 scrolls of fog
 G - 3 scrolls of poison
 P - 5 scrolls of immolation
Potions
 c - 2 potions of curing
 k - a potion of flight
 m - a potion of magic
 p - 2 potions of cancellation
 r - 8 potions of attraction
 A - 6 potions of ambrosia
 C - 2 potions of degeneration
 H - 3 potions of mutation
 L - 4 potions of brilliance
 Y - 2 potions of resistance
Miscellaneous
 e - a condenser vane
 S - a box of beasts


   Skills:
 + Level 13.9 Fighting
 + Level 12.4 Short Blades
 + Level 12.4 Long Blades
 + Level 13.2 Axes
 + Level 12.4 Maces & Flails
 + Level 12.4 Polearms
 + Level 12.4 Staves
 + Level 12.4 Slings
 + Level 12.4 Bows
 + Level 12.4 Crossbows
 + Level 12.4 Throwing
 + Level 12.4 Armour
 + Level 13.2 Dodging
 + Level 15.3 Stealth
 + Level 12.4 Shields
 + Level 12.4 Unarmed Combat
 + Level 12.4 Spellcasting
 + Level 10.5 Conjurations
 + Level 10.5 Hexes
 + Level 10.5 Summonings
 + Level 10.5 Necromancy
 + Level 10.5 Translocations
 + Level 10.5 Transmutations
 + Level 10.5 Fire Magic
 + Level 10.5 Ice Magic
 + Level 10.5 Air Magic
 + Level 10.5 Earth Magic
 + Level 10.5 Poison Magic
 + Level 13.4 Invocations
 + Level 12.4 Evocations


You had one spell level left.
You knew the following spells:

 Your Spells              Type           Power      Damage    Failure   Level
a - Poisonous Vapours     Pois/Air       100%       N/A       1%          2
b - Apportation           Tloc           100%       N/A       1%          1
c - Foxfire               Conj/Fire      100%       2x1d9     1%          1
d - Call Canine Familiar  Summ           53%        N/A       1%          3
e - Summon Guardian Gole  Hex/Summ       53%        N/A       1%          3
f - Sticky Flame          Conj/Fire      53%        2d7       1%          4
g - Hailstorm             Conj/Ice       53%        3d12      1%          4
h - Agony                 Necr           53%        N/A       2%          5
i - Borgnjor's Vile Clut  Necr/Erth      26%        N/A       2%          5
j - Mephitic Cloud        Conj/Pois/Air  53%        N/A       1%          3
k - Frozen Ramparts       Ice            100%       1d12      1%          3
l - Scorch                Fire           100%       2d10      1%          2
m - Flame Wave            Conj/Fire      53%        2d11      1%          4

Your spell library contained the following spells:

 Spells                   Type           Power      Damage    Failure   Level
 Freeze                   Ice            100%       1d11      1%          1
 Magic Dart               Conj           100%       1d8       1%          1
 Necrotize                Necr           100%       1d9       1%          1
 Sting                    Tmut/Pois      100%       1d8       1%          1
 Summon Small Mammal      Summ           100%       N/A       1%          1
 Call Imp                 Summ           53%        N/A       1%          2
 Static Discharge         Conj/Air       53%        N/A       1%          2
 Conjure Flame            Conj/Fire      53%        6-21      1%          3
 Dazzling Flash           Conj/Hex       100%       N/A       1%          3
 Ignite Poison            Fire/Tmut/Pois 53%        N/A       1%          3
 Portal Projectile        Hex/Tloc       100%       N/A       1%          3
 Vampiric Draining        Necr           53%        2d9       1%          3
 Iskenderun's Mystic Bla  Conj/Tloc      53%        2d11      1%          4
 Leda's Liquefaction      Hex/Erth       26%        N/A       1%          4
 Olgreb's Toxic Radiance  Pois           53%        N/A       1%          4
 Passage of Golubria      Tloc           53%        N/A       1%          4
 Petrify                  Tmut/Erth      53%        N/A       1%          4
 Alistair's Intoxication  Tmut/Pois      35%        N/A       2%          5
 Lightning Bolt           Conj/Air       26%        1d42      2%          5
 Silence                  Hex/Air        26%        N/A       2%          5
 Dispersal                Tloc           26%        N/A       13%         6
 Eringya's Noxious Bog    Tmut/Pois      26%        N/A       13%         6
 Starburst                Conj/Fire      26%        6d8       13%         6
 Statue Form              Tmut/Erth      35%        N/A       13%         6
 Summon Cactus Giant      Summ           26%        N/A       13%         6
 Dragon Form              Tmut           26%        N/A       58%         7
 Disjunction              Tloc           26%        N/A       99%         8
 Lehudib's Crystal Spear  Conj/Erth      26%        10d7      99%         8
 Maxwell's Capacitive Co  Air            26%        ∞         99%         8
 Shatter                  Erth           26%        3d22*     100%        9
 Corpse Rot               Necr/Pois/Air  Unusable   N/A       N/A         4

Dungeon Overview and Level Annotations

Branches:
Dungeon (14/15)            Temple (1/1) D:7            Lair (6/6) D:11
  Swamp (3/4) Lair:2       Spider (4/4) Lair:4        Slime (0/5) Lair:6
    Orc (2/2) D:12            Elf (0/3) Orc:2       Ossuary (visited)
 Bailey (visited)           IceCv (visited)
 Vaults: D:13-14

Altars:
Ashenzari
Cheibriados
Elyvilon
Fedhas
Gozag
Makhleb
Okawaru
Ru
Sif Muna
Uskayaw
Vehumet
Wu Jian
Xom
Yredelemnul
Zin
The Shining One
Jiyva

Shops:
D:6 [:=   D:14 :   Orc:1 *   Orc:2 !*=?

Portals:
Pandemonium: Orc:2

Annotations:
D:9 2 transporters, siradein's ghost, novice MfBe
Lair:2 2 transporters
Swamp:2 2 transporters


Innate Abilities, Weirdness & Mutations

You have very sharp teeth.
Your uncanny sense of smell can sniff out nearby items.
Your experience applies equally to all skills.
You have a pair of small horns on your head.
Your natural rate of healing is unusually fast.
You expend magic power (3 MP) to strengthen your wands.


Message History

You hit the goliath frog.
The goliath frog is poisoned.
The goliath frog is no longer distracted by gold.
Your headbutt misses the goliath frog. Your bite misses the goliath frog.
The goliath frog is heavily wounded.
The goliath frog completely misses you.
A spriggan comes into view.
It is wielding a +0 rapier and carrying a wand of mindburst (10).
The goliath frog hits you but does no damage.
You closely miss the goliath frog.
The spriggan shouts!
You headbutt the goliath frog, but do no damage.
The goliath frog is severely wounded.
The goliath frog hits you!!
* * * LOW HITPOINT WARNING * * *
You are splashed with acid.
* * * LOW HITPOINT WARNING * * *
Your +1 broad axe of venom stops dripping with poison.
Your +6 quarterstaff of chaos is briefly surrounded by a scintillating aura of random colours.
t - a +6 quarterstaff of chaos (weapon)
Unknown command.
Casting: Foxfire (safe; 1% risk of failure)
Confirm with . or Enter, or press ? or * to list all spells.
Aiming: Sticky Flame (mildly dangerous; 1% risk of failure)
Press: ? - help, Shift-Dir - straight line, f - goliath frog
Aim: a goliath frog (severely wounded, poisoned, 100% to hit)
The sticky flame hits the goliath frog.
The goliath frog is severely wounded.
The goliath frog is covered in liquid flames!
The goliath frog burns!
The goliath frog barely misses you.
The spriggan zaps a wand.
Your mind is blasted!
* * * LOW HITPOINT WARNING * * *
The goliath frog burns!
The goliath frog hits you from afar.
* * * LOW HITPOINT WARNING * * *
You are splashed with acid.
* * * LOW HITPOINT WARNING * * *
The goliath frog barely misses you.
The goliath frog burns!
The goliath frog hits you from afar!
* * * LOW HITPOINT WARNING * * *
The acid corrodes you!
You are splashed with acid!
You die...
Your body crumbles into a pile of gold.

≈.♣≈.≈..≈≈≈.♣♣♣
≈≈≈..≈.♣♣..≈..≈♣♣
≈≈≈≈....≈$.≈≈...≈♣
♣..≈≈≈....≈≈..≈≈.♣
♣.≈§≈≈≈§.≈.≈>.≈§♣
♣♣..≈≈≈≈..≈♣♣♣♣..≈♣
...≈.♣.≈≈≈.♣ ♣♣♣♣
≈≈.≈≈i.≈≈≈.♣
≈.$.≈...@≈≈♣♣♣
..≈≈..F...≈..♣
..≈≈≈≈.≈$≈≈≈≈.≈.
♣♣.≈≈$≈≈§≈≈≈≈.♣♣
♣.≈≈§≈§≈≈.≈≈.♣
♣≈≈≈.≈≈...≈≈≈♣
♣>.....≈≈≈...≈≈
♣♣....≈.≈≈≈≈≈.≈
♣♣♣..≈≈.≈≈≈≈≈≈


You could see a goliath frog (burning, poisoned) and a spriggan.

Vanquished Creatures
  Arachne (Spider:2)
  Kirke (Swamp:1)
  Roxanne (Spider:2)
  A fenstrider witch (Swamp:2)
  Donald (Spider:4)
  4 ghost moths
  2 emperor scorpions (Spider:4)
  3 broodmothers
  2 eleionomae (Swamp:2)
  2 entropy weavers
  A white draconian (IceCv)
  3 bunyips (Swamp:1)
  2 spark wasps
  Fannar (D:11)
  10 hydras
  A rakshasa (D:13)
  An ice dragon (IceCv)
  4 boulder beetles
  3 catoblepae (Lair:6)
  Erica (Orc:1)
  Erolcha (D:11)
  3 demonspawn (Orc:2)
  5 alligators
  6 centaur warriors
  7 radroaches
  9 death yaks
  3 two-headed ogres
  A sun demon (Orc:2)
  6 orc high priests (Orc:2)
  Nergalle (D:11)
  4 pharaoh ants
  2 sun moths
  A sixfirhy (Orc:2)
  8 orb spiders
  4 spriggan druids
  4 goliath frogs
  8 steelbarb worms
  2 deep elf pyromancers
  A swamp dragon (Swamp:2)
  2 lindwurms (Lair:3)
  4 bog bodies
  2 deep elf zephyrmancers (Orc:2)
  11 orc knights
  35 wolf spiders
  8 orc sorcerers
  13 ugly things
  4 cyclopes
  2 will-o-the-wisps
  5 manticores
  4 black mambas
  8 elephants
  Maurice (D:13)
  A moth of wrath (Spider:4)
  A rust devil (Orc:2)
  26 cane toads
  3 torpor snails
  An unseen horror (D:11)
  A gargoyle (D:11)
  10 komodo dragons
  17 rime drakes
  A yaktaur (shapeshifter) (D:14)
  3 yaktaurs (D:13)
  A kobold demonologist (D:14)
  An anaconda simulacrum (Spider:4)
  An entropy weaver simulacrum (Spider:4)
  A bloated husk (Swamp:1)
  12 trolls
  6 meliai
  2 tyrant leeches
  17 polar bears
  8 hornets
  Prince Ribbit (D:6)
  24 tarantellas
  21 blink frogs
  25 jumping spiders
  A wraith (D:13)
  A spriggan (shapeshifter) (D:13)
  Sigmund (D:4)
  6 spriggans
  A shadow (D:9)
  19 culicivoras
  47 yaks
  A dire elephant simulacrum (Spider:4)
  3 wyverns
  3 basilisks
  3 hogs (Swamp:1)
  A neqoxec (Orc:2)
  47 redbacks
  4 vampire mosquitoes (Swamp:2)
  A steam dragon (D:9)
  9 swamp worms
  A warg (Orc:1)
  15 water moccasins
  2 acid dragons
  33 orc warriors
  4 swamp drakes
  6 ice beasts
  6 black bears
  2 alligator simulacra (Spider:4)
  6 ogres
  The ghost of DocClef the Sneak, an amateur DrDe (D:5)
  A sky beast (D:8)
  12 wolves
  27 centaurs
  A kobold brigand (D:9)
  3 phantoms
  An elf zombie (Ossuary)
  3 gnoll sergeants
  A deep troll simulacrum (Spider:4)
  11 bullfrogs
  A necrophage (D:5)
  A scorpion (D:7)
  3 wights (D:8)
  A troll zombie (D:12)
  A killer bee (Lair:2)
  2 lindwurm simulacra (Spider:4)
  11 howler monkeys
  A crimson imp (Orc:2)
  A wyvern simulacrum (D:5)
  A human zombie (Ossuary)
  Crazy Yiuf (D:4)
  2 gnoll shamans
  4 hounds
  An iron imp (Orc:2)
  4 jellies
  25 orc priests
  2 iguanas (D:7)
  23 orc wizards
  6 hell rats
  7 ogre zombies (D:12)
  2 mummies (Ossuary)
  A killer bee simulacrum (D:5)
  30 gnolls
  6 adders
  A hound simulacrum (D:5)
  4 shadow imps
  A white imp (Orc:2)
  A howler monkey simulacrum (D:5)
  An ufetubus (D:7)
  A worm (D:3)
  3 dart slugs
  76 orcs
  5 ball pythons
  3 bats
  7 endoplasms
  4 giant cockroaches
  12 goblins
  16 hobgoblins
  5 jackals (D:4)
  21 kobolds
  6 quokkas
  4 frilled lizards
  A gnoll zombie (Ossuary)
  2 goblin skeletons (D:12)
  5 goblin zombies
  8 hobgoblin zombies
  4 orc skeletons (D:12)
  17 orc zombies
  9 rats
1042 creatures vanquished.

Vanquished Creatures (collateral kills)
  An entropy weaver (Spider:2)
  A hydra (Lair:1)
  A will-o-the-wisp (Swamp:2)
  A torpor snail (Spider:3)
  A hornet (Spider:4)
5 creatures vanquished.

Vanquished Creatures (others)
  Asterion (Spider:4)
  An orc warlord (Bailey)
  A boulder beetle (Spider:3)
  A hydra (Lair:2)
  A polar bear (IceCv)
  2 bloated husks (Swamp:2)
  A tarantella (Spider:3)
  A jumping spider (Spider:4)
  3 humans (Swamp:1)
  A bullfrog (Lair:1)
  An orc wizard (Orc:2)
  377 foxfires
  43 fungi
  68 plants
502 creatures vanquished.

Grand Total: 1549 creatures vanquished

Notes
Turn   | Place    | Note
-------+----------+-------------------------------------------
     0 | D:5      | Reached skill level 9 in Stealth
     0 | D:5      | croobank the Gnoll Delver began the quest for the Orb.
     0 | D:5      | Reached XP level 1. HP: 23/23 MP: 1/1
    21 | D:5      | Noticed a jelly
   127 | D:4      | Noticed Sigmund
   231 | D:3      | Reached XP level 2. HP: 29/29 MP: 2/2
   544 | D:2      | Found a faded altar of an unknown god.
   570 | D:2      | Reached XP level 3. HP: 35/35 MP: 3/3
   739 | D:2      | Reached skill level 1 in Invocations
   751 | D:2      | Learned a level 2 spell: Poisonous Vapours
  1270 | D:1      | Reached skill level 1 in Short Blades
  1270 | D:1      | Reached skill level 1 in Long Blades
  1270 | D:1      | Reached skill level 1 in Maces & Flails
  1270 | D:1      | Reached skill level 1 in Polearms
  1270 | D:1      | Reached skill level 1 in Staves
  1270 | D:1      | Reached skill level 1 in Slings
  1270 | D:1      | Reached skill level 1 in Bows
  1270 | D:1      | Reached skill level 1 in Crossbows
  1270 | D:1      | Reached skill level 1 in Throwing
  1270 | D:1      | Reached skill level 1 in Armour
  1270 | D:1      | Reached skill level 1 in Shields
  1270 | D:1      | Reached skill level 1 in Unarmed Combat
  1270 | D:1      | Reached skill level 1 in Spellcasting
  1270 | D:1      | Reached skill level 1 in Evocations
  1514 | D:1      | Reached XP level 4. HP: 39/41 MP: 5/5
  1855 | D:3      | Found an iron altar of Okawaru.
  1951 | D:3      | Reached skill level 1 in Conjurations
  1951 | D:3      | Reached skill level 1 in Hexes
  1951 | D:3      | Reached skill level 1 in Summonings
  1951 | D:3      | Reached skill level 1 in Necromancy
  1951 | D:3      | Reached skill level 1 in Translocations
  1951 | D:3      | Reached skill level 1 in Transmutations
  1951 | D:3      | Reached skill level 1 in Fire Magic
  1951 | D:3      | Reached skill level 1 in Ice Magic
  1951 | D:3      | Reached skill level 1 in Air Magic
  1951 | D:3      | Reached skill level 1 in Earth Magic
  1951 | D:3      | Reached skill level 1 in Poison Magic
  2671 | D:4      | Reached XP level 5. HP: 42/47 MP: 5/7
  2989 | D:4      | Found an ornate altar of the Wu Jian Council.
  3072 | D:4      | Noticed an ogre
  3083 | D:4      | Killed an ogre
  3084 | D:4      | Reached XP level 6. HP: 48/53 MP: 4/8
  3186 | D:4      | Gained mutation: You are partially covered in iridescent
                  | scales. (AC +2) [potion of mutation]
  3186 | D:4      | Gained mutation: You have a pair of small horns on your
                  | head. [potion of mutation]
  3186 | D:4      | Gained mutation: You are strong-willed. (Will+) [potion of
                  | mutation]
  3262 | D:4      | Found a runed translucent door.
  3262 | D:4      | Noticed Crazy Yiuf
  3285 | D:4      | Killed Crazy Yiuf
  3286 | D:4      | Reached skill level 5 in Axes
  3286 | D:4      | Reached skill level 5 in Dodging
  3778 | D:4      | Killed Sigmund
  3779 | D:4      | Reached XP level 7. HP: 51/59 MP: 2/10
  4125 | D:4      | Found a shimmering blue altar of Sif Muna.
  4203 | D:5      | Noticed DocClef's ghost (amateur DrDe)
  4594 | D:5      | Reached skill level 10 in Stealth
  4733 | D:5      | Found a runed translucent gate.
  4733 | D:5      | Found a runed translucent gate.
  4735 | D:5      | Found a runed translucent gate.
  4755 | D:5      | Reached XP level 8. HP: 67/67 MP: 12/12
  5166 | D:6      | Found a snail-covered altar of Cheibriados.
  5166 | D:6      | Found a blossoming altar of Fedhas.
  5275 | D:6      | Noticed Prince Ribbit
  5296 | D:6      | Killed Prince Ribbit
  5433 | D:6      | Found a glowing golden altar of the Shining One.
  5456 | D:6      | Found Xiroqepo's Jewellery Boutique.
  5456 | D:6      | Found Hanuv's Armour Boutique.
  5458 | D:6      | Found Archota's Weapon Boutique.
  5458 | D:6      | Found Ysied's Book Boutique.
  6229 | D:7      | Found a staircase to the Ecumenical Temple.
  6239 | Temple   | Entered the Ecumenical Temple
  6246 | Temple   | Became a worshipper of Gozag Ym Sagoz the Greedy
  6285 | D:7      | Reached XP level 9. HP: 63/72 MP: 14/14
  6350 | D:7      | Found a sand-covered staircase.
  6355 | Ossuary  | Entered an ossuary
  6902 | D:7      | Found a white marble altar of Elyvilon.
  7286 | D:7      | Found a glowing silver altar of Zin.
  7676 | D:8      | Reached skill level 5 in Invocations
  8445 | D:7      | Reached XP level 10. HP: 20/80 MP: 15/17
  9115 | D:9      | Identified a scroll of acquirement
  9115 | D:9      | Acquired the Papyrus of Mutagenic Ignition
  9139 | D:9      | Found a flagged portal.
  9156 | Bailey   | Entered a bailey
  9161 | Bailey   | Noticed an orc warlord
  9208 | Bailey   | Noticed an orc knight
  9235 | Bailey   | Killed an orc knight
  9236 | Bailey   | Reached skill level 5 in Short Blades
  9236 | Bailey   | Reached skill level 5 in Long Blades
  9236 | Bailey   | Reached skill level 5 in Maces & Flails
  9236 | Bailey   | Reached skill level 5 in Polearms
  9236 | Bailey   | Reached skill level 5 in Staves
  9236 | Bailey   | Reached skill level 5 in Slings
  9236 | Bailey   | Reached skill level 5 in Bows
  9236 | Bailey   | Reached skill level 5 in Crossbows
  9236 | Bailey   | Reached skill level 5 in Throwing
  9236 | Bailey   | Reached skill level 5 in Armour
  9236 | Bailey   | Reached skill level 5 in Shields
  9236 | Bailey   | Reached skill level 5 in Unarmed Combat
  9236 | Bailey   | Reached skill level 5 in Spellcasting
  9236 | Bailey   | Reached skill level 5 in Evocations
  9620 | Bailey   | Learned a level 1 spell: Apportation
  9622 | Bailey   | Learned a level 1 spell: Foxfire
  9626 | Bailey   | Learned a level 3 spell: Call Canine Familiar
  9630 | Bailey   | Learned a level 3 spell: Summon Guardian Golem
  9635 | Bailey   | Learned a level 4 spell: Sticky Flame
  9660 | Bailey   | Noticed an orc knight
  9692 | Bailey   | Killed an orc knight
  9808 | Bailey   | Found a runed translucent gate.
  9808 | Bailey   | Found a runed translucent gate.
  9808 | Bailey   | Found a runed translucent gate.
  9893 | Bailey   | Killed an orc warlord
  9894 | Bailey   | Reached skill level 11 in Stealth
  9918 | Bailey   | Identified the ring of Democracy {rPois EV+4 Stlth+}
 10539 | D:9      | Noticed a centaur warrior
 10546 | D:9      | Noticed siradein's ghost (novice MfBe)
 10820 | D:9      | Found a transporter.
 11292 | D:9      | Found a transporter.
 11465 | D:9      | Noticed a centaur warrior
 11473 | D:9      | Killed a centaur warrior
 11474 | D:9      | Reached XP level 11. HP: 72/87 MP: 19/19
 11704 | D:5      | Killed DocClef's ghost
 11924 | D:10     | Entered Level 10 of the Dungeon
 12049 | D:10     | Noticed a two-headed ogre
 12058 | D:10     | Acquired the +8 arc blade {discharge, rElec}
 12058 | D:10     | Found the +8 arc blade {discharge, rElec}
 12071 | D:10     | Killed a two-headed ogre
 12072 | D:10     | Reached skill level 5 in Conjurations
 12072 | D:10     | Reached skill level 5 in Hexes
 12072 | D:10     | Reached skill level 5 in Summonings
 12072 | D:10     | Reached skill level 5 in Necromancy
 12072 | D:10     | Reached skill level 5 in Translocations
 12072 | D:10     | Reached skill level 5 in Transmutations
 12072 | D:10     | Reached skill level 5 in Fire Magic
 12072 | D:10     | Reached skill level 5 in Ice Magic
 12072 | D:10     | Reached skill level 5 in Air Magic
 12072 | D:10     | Reached skill level 5 in Earth Magic
 12072 | D:10     | Reached skill level 5 in Poison Magic
 12302 | D:10     | Found a broken altar of Ashenzari.
 12423 | D:10     | Noticed a deep elf pyromancer
 12431 | D:10     | Killed a deep elf pyromancer
 12978 | D:11     | Noticed Fannar
 12990 | D:11     | Killed Fannar
 13006 | D:11     | Noticed a death yak
 13006 | D:11     | Noticed a boulder beetle
 13047 | D:11     | Noticed Nergalle
 13053 | D:11     | Killed Nergalle
 13070 | D:11     | Noticed a death yak
 13080 | D:11     | Noticed a death yak
 13087 | D:11     | Noticed a six-headed hydra
 13854 | D:11     | Found a staircase to the Lair.
 13883 | D:11     | Killed a death yak
 13890 | D:11     | Killed a death yak
 13896 | D:11     | Killed a death yak
 13965 | D:11     | Killed a boulder beetle
 14207 | D:11     | Killed a six-headed hydra
 14208 | D:11     | Reached XP level 12. HP: 96/96 MP: 22/22
 14352 | D:11     | Noticed a four-headed hydra
 14364 | D:11     | Killed a four-headed hydra
 14586 | D:11     | Noticed Erolcha
 14594 | D:11     | Killed Erolcha
 14624 | Lair:1   | Entered Level 1 of the Lair of Beasts
 14624 | Lair:1   | Noticed an eight-headed hydra
 14632 | Lair:1   | Killed an eight-headed hydra
 14911 | Lair:1   | Reached skill level 12 in Stealth
 15033 | Lair:1   | Reached skill level 10 in Fighting
 15193 | Lair:1   | You fall into a shaft and drop 1 floor!
 15561 | Lair:2   | Noticed a seven-headed hydra
 15772 | Lair:1   | Reached XP level 13. HP: 102/103 MP: 18/24
 16201 | Lair:2   | Found a transporter.
 16914 | Lair:2   | Found a staircase to the Swamp.
 17169 | Lair:2   | Found a transporter.
 17902 | Lair:2   | Learned a level 4 spell: Hailstorm
 17908 | Lair:2   | Learned a level 5 spell: Agony
 20560 | Lair:4   | Reached skill level 10 in Axes
 20560 | Lair:4   | Reached skill level 10 in Dodging
 20563 | Lair:4   | Reached XP level 14. HP: 67/113 MP: 26/26
 20864 | Lair:4   | Found a hole to the Spider Nest.
 22071 | Lair:6   | Entered Level 6 of the Lair of Beasts
 22364 | Lair:5   | Reached skill level 13 in Stealth
 22866 | Lair:6   | Reached skill level 10 in Invocations
 23329 | Lair:6   | Identified the +0 robe "Capsyur" {rElec rPois SInv
                  | Archmagi}
 23872 | Lair:6   | Found a viscous altar of Jiyva.
 23872 | Lair:6   | Found a staircase to the Slime Pits.
 25022 | D:12     | Found a staircase to the Orcish Mines.
 25945 | D:13     | Reached XP level 15. HP: 98/120 MP: 28/28
 26119 | D:13     | Learned a level 5 spell: Borgnjor's Vile Clutch
 26688 | D:13     | Noticed Maurice
 26695 | D:13     | Killed Maurice
 27241 | D:14     | Reached skill level 10 in Short Blades
 27241 | D:14     | Reached skill level 10 in Long Blades
 27241 | D:14     | Reached skill level 10 in Maces & Flails
 27241 | D:14     | Reached skill level 10 in Polearms
 27241 | D:14     | Reached skill level 10 in Staves
 27241 | D:14     | Reached skill level 10 in Slings
 27241 | D:14     | Reached skill level 10 in Bows
 27241 | D:14     | Reached skill level 10 in Crossbows
 27241 | D:14     | Reached skill level 10 in Throwing
 27241 | D:14     | Reached skill level 10 in Armour
 27241 | D:14     | Reached skill level 10 in Shields
 27241 | D:14     | Reached skill level 10 in Unarmed Combat
 27241 | D:14     | Reached skill level 10 in Spellcasting
 27241 | D:14     | Reached skill level 10 in Evocations
 27991 | D:14     | Found Arhu's Book Emporium.
 28107 | Orc:1    | Entered Level 1 of the Orcish Mines
 28380 | Orc:1    | Found Meamis's Gadget Gallery.
 28558 | Orc:1    | Noticed Erica
 28588 | Orc:1    | Killed Erica
 29193 | Orc:2    | Entered Level 2 of the Orcish Mines
 29198 | Orc:2    | Gained mutation: Your magical capacity is low. (-10% MP) [a
                  | neqoxec]
 29734 | Orc:2    | Found Vihumu's General Store.
 29735 | Orc:2    | Found Loneqan's Magic Scroll Shop.
 30126 | Orc:2    | Found Quleiru's Distillery.
 30813 | Orc:2    | Gained mutation: Your magical capacity is very low. (-20%
                  | MP) [a neqoxec]
 30818 | Orc:2    | Gained mutation: Your magical capacity is extremely low.
                  | (-30% MP) [a neqoxec]
 30966 | Orc:2    | Bought a scroll of enchant armour for 120 gold pieces
 31637 | Orc:2    | Learned a level 3 spell: Mephitic Cloud
 31986 | Orc:2    | Found a staircase to the Elven Halls.
 32841 | Orc:2    | Reached skill level 14 in Stealth
 32844 | Orc:2    | Reached XP level 16. HP: 78/128 MP: 21/21
 33088 | Orc:2    | Found Useciu Ziogi's Antique Weapon Shoppe.
 33088 | Orc:2    | Found Wayr's Jewellery Emporium.
 33089 | Orc:2    | Found a one-way gate leading to the halls of Pandemonium.
 33397 | Spider:1 | Entered Level 1 of the Spider Nest
 34778 | Spider:1 | Learned a level 3 spell: Frozen Ramparts
 34781 | Spider:1 | Learned a level 2 spell: Scorch
 35193 | Spider:1 | Identified the ring of Xaovao {rElec Str+6 SInv}
 36889 | Spider:2 | Identified Roxanne's Incunabulum of the Mountains
 36889 | Spider:2 | Noticed Roxanne
 37543 | Spider:2 | Noticed Arachne
 37602 | Spider:2 | Killed Arachne
 37685 | Spider:2 | Killed Roxanne
 40191 | Spider:3 | Reached XP level 17. HP: 122/136 MP: 22/22
 41866 | Spider:4 | Entered Level 4 of the Spider Nest
 42150 | Spider:4 | Found a frozen archway.
 42319 | IceCv    | Entered an ice cave
 44215 | Spider:4 | Identified the +2 kite shield of Fun and Games {-Tele rC+
                  | Regen+ Stlth+}
 44215 | Spider:4 | Noticed Donald
 44226 | Spider:4 | Killed Donald
 44584 | Spider:4 | Noticed Asterion
 44604 | Spider:4 | Killed Asterion
 44605 | Spider:4 | Reached skill level 10 in Conjurations
 44605 | Spider:4 | Reached skill level 10 in Hexes
 44605 | Spider:4 | Reached skill level 10 in Summonings
 44605 | Spider:4 | Reached skill level 10 in Necromancy
 44605 | Spider:4 | Reached skill level 10 in Translocations
 44605 | Spider:4 | Reached skill level 10 in Transmutations
 44605 | Spider:4 | Reached skill level 10 in Fire Magic
 44605 | Spider:4 | Reached skill level 10 in Ice Magic
 44605 | Spider:4 | Reached skill level 10 in Air Magic
 44605 | Spider:4 | Reached skill level 10 in Earth Magic
 44605 | Spider:4 | Reached skill level 10 in Poison Magic
 45769 | Spider:4 | Reached skill level 15 in Stealth
 46892 | Spider:4 | Got a gossamer rune of Zot
 47057 | Spider:4 | Reached XP level 18. HP: 130/144 MP: 19/23
 47346 | Lair:4   | Lost mutation: Your magical capacity is extremely low.
                  | (-30% MP) [potion of mutation]
 47346 | Lair:4   | Lost mutation: You are strong-willed. (Will+) [potion of
                  | mutation]
 47346 | Lair:4   | Gained mutation: You are dopey. (Int -2) [potion of
                  | mutation]
 47346 | Lair:4   | Gained mutation: You expend magic power (3 MP) to
                  | strengthen your wands. [potion of mutation]
 47347 | Lair:4   | Lost mutation: You are partially covered in iridescent
                  | scales. (AC +2) [potion of mutation]
 47347 | Lair:4   | Lost mutation: Your magical capacity is very low. (-20% MP)
                  | [potion of mutation]
 47347 | Lair:4   | Gained mutation: Your spells are a little harder to cast,
                  | but a little more powerful. [potion of mutation]
 47348 | Lair:4   | Lost mutation: Your spells are a little harder to cast, but
                  | a little more powerful. [potion of mutation]
 47348 | Lair:4   | Lost mutation: Your magical capacity is low. (-10% MP)
                  | [potion of mutation]
 47348 | Lair:4   | Lost mutation: You are dopey. (Int -2) [potion of mutation]
 47348 | Lair:4   | Gained mutation: Your natural rate of healing is unusually
                  | fast. [potion of mutation]
 47716 | D:9      | Learned a level 4 spell: Flame Wave
 47893 | Swamp:1  | Entered Level 1 of the Swamp
 48321 | Swamp:1  | Noticed Kirke
 48428 | Swamp:1  | Killed Kirke
 50332 | Swamp:2  | Found a transporter.
 50395 | Swamp:2  | Found a transporter.
 50921 | Swamp:3  | HP: 1/145 [goliath frog (9)]
 50921 | Swamp:3  | Splashed by a goliath frog's acid

Illustrated notes

Levels and vault maps discovered:
D:1:      matt_arrival_refuge, layout_rooms, st_stairs_4
D:2:      kennysheep_big_flooded_room, layout_rooms,
          hellmonk_ecumenical_altar_pennies_from_heaven
D:3:      layout_basic, okawaru_altar_gauntlet_db,
          chequers_serial_rivers_micro_b
D:4:      layout_basic, amcnicky_altar_gilded, kennysheep_mini_moat,
          uniq_crazy_yiuf_cottage, uniq_sigmund
D:5:      layout_loops_ring, gammafunk_ghost_icy,
          chequers_serial_rivers_small_3, nrook_mini_backslash,
          kennysheep_generic_room_5
D:6:      layout_basic, mainiacjoe_overflow_divided_tiny,
          mainiacjoe_overflow_small_starburst, minmay_shop_grid_forest,
          uniq_prince_ribbit1
D:7:      layout_loops_corners, elyvilon_altar_5, lemuel_round_altar,
          minmay_temple_entry_stoned_glass, enter_ossuary_5
D:8:      layout_basic
D:9:      layout_small_grid, gammafunk_ghost_arena, enter_bailey_3,
          kennysheep_just_a_vault
D:10:     layout_basic, cheibrodos_ashenzari_chains
D:11:     layout_long_grid, dpeg_lair_monsters, uniq_nergalle, uniq_fannar,
          uniq_erolcha
D:12:     layout_long_grid, zombieorc2_lemuel
D:13:     layout_stronghold, uniq_maurice
D:14:     layout_big_octagon, ximxim_vaults_locker_room, serial_shops, shop,
          kennysheep_cross_room, hex_medium
Temple:   cyrus_circular_temple
Lair:1:   layout_regular_city, chequers_serial_rivers_micro_a,
          grunt_megastairs_5, lemuel_fruit_tree
Lair:2:   gammafunk_cloud_chamber, layout_gridlike, palyth_hydra_swamp_entry,
          minivault_23, beast_lair_carwin_10, grunt_megastairs_4
Lair:3:   layout_hall_layers, chequers_serial_rivers_large_b,
          nicolae_lair_lindhole, serial_bayou_shore_b
Lair:4:   layout_regular_city, spider_nest_entry_funnel_web, ldierk_geyser,
          hibernation_bobbens
Lair:5:   layout_regular_city
Lair:6:   evilmike_catoblepas_cave, layout_regular_city,
          dpeg_slime_entry_enclosed_altar, serial_bayou_pond_a,
          serial_bayou_shore_a
Swamp:1:  layout_basic_swamp, evilmike_swamp_ruin_house_6, swamp_pool3,
          uniq_kirke
Swamp:2:  gammafunk_worm_tunnel, layout_basic_swamp, nicolae_swamp_treefoil
Swamp:3:  layout_basic_swamp, evilmike_swamp_ruin_house_5,
          infiniplex_staircase_pool_2, uniq_bai_suzhen, uniq_louise
Spider:1: layout_cave_pods, hangedman_spider_tarantella_strand
Spider:2: layout_spider_delve, uniq_roxanne, uniq_arachne
Spider:3: layout_cave_pods
Spider:4: spider_rune_water, portal_ice_cave_entry_ice_simulacra,
          spiders_nest_spider_trap, uniq_donald, uniq_asterion
Orc:1:    layout_caves, nicolae_shop_gadgets, uniq_erica
Orc:2:    pf_orc_diabolical, layout_caves, serial_shops,
          nicolae_shop_behind_doors, hangedman_minor_magic

Skill      XL: |  1  2  3  4  5  6  7  8  9 10 11 12 13 14 15 16 17 18 |
---------------+-------------------------------------------------------+-----
Stealth        | 10 11 12 13 14 15 | 15.3
Invocations    | 1 2 3 4 5 6 7 8 9 10 11 12 13 | 13.4
Short Blades   | 1 2 3 4 5 6 7 8 9 10 11 12 | 12.4
Long Blades    | 1 2 3 4 5 6 7 8 9 10 11 12 | 12.4
Maces & Flails | 1 2 3 4 5 6 7 8 9 10 11 12 | 12.4
Polearms       | 1 2 3 4 5 6 7 8 9 10 11 12 | 12.4
Staves         | 1 2 3 4 5 6 7 8 9 10 11 12 | 12.4
Slings         | 1 2 3 4 5 6 7 8 9 10 11 12 | 12.4
Bows           | 1 2 3 4 5 6 7 8 9 10 11 12 | 12.4
Crossbows      | 1 2 3 4 5 6 7 8 9 10 11 12 | 12.4
Throwing       | 1 2 3 4 5 6 7 8 9 10 11 12 | 12.4
Armour         | 1 2 3 4 5 6 7 8 9 10 11 12 | 12.4
Shields        | 1 2 3 4 5 6 7 8 9 10 11 12 | 12.4
Unarmed Combat | 1 2 3 4 5 6 7 8 9 10 11 12 | 12.4
Spellcasting   | 1 2 3 4 5 6 7 8 9 10 11 12 | 12.4
Evocations     | 1 2 3 4 5 6 7 8 9 10 11 12 | 12.4
Conjurations   | 1 2 3 4 5 6 7 8 9 10 | 10.5
Hexes          | 1 2 3 4 5 6 7 8 9 10 | 10.5
Summonings     | 1 2 3 4 5 6 7 8 9 10 | 10.5
Necromancy     | 1 2 3 4 5 6 7 8 9 10 | 10.5
Translocations | 1 2 3 4 5 6 7 8 9 10 | 10.5
Transmutations | 1 2 3 4 5 6 7 8 9 10 | 10.5
Fire Magic     | 1 2 3 4 5 6 7 8 9 10 | 10.5
Ice Magic      | 1 2 3 4 5 6 7 8 9 10 | 10.5
Air Magic      | 1 2 3 4 5 6 7 8 9 10 | 10.5
Earth Magic    | 1 2 3 4 5 6 7 8 9 10 | 10.5
Poison Magic   | 1 2 3 4 5 6 7 8 9 10 | 10.5
Axes           | 5 6 7 8 9 10 11 12 13 | 13.2
Dodging        | 5 6 7 8 9 10 11 12 13 | 13.2
Fighting       | 7 8 9 10 11 12 13 | 13.9

Action                   |  1- 3 |  4- 6 |  7- 9 | 10-12 | 13-15 | 16-18 || total
-------------------------+-------+-------+-------+-------+-------+-------++-------
Melee: Hand axe          |    83 |       |       |       |       |       ||    83
       Dagger            |     2 |       |     3 |    12 |     9 |    25 ||    51
       Quarterstaff      |    11 |   135 |   379 |   231 |    61 |    28 ||   845
       Bite              |     7 |    13 |    39 |    65 |   192 |   125 ||   441
       Punch             |     3 |       |       |     6 |    78 |    68 ||   155
       Headbutt          |       |       |    70 |    93 |   295 |   236 ||   694
       Battleaxe         |       |       |       |    96 |       |       ||    96
       Rapier            |       |       |       |   140 |   869 |   569 ||  1578
       Broad axe         |       |       |       |       |   217 |   187 ||   404
 Fire: Arbalest          |       |       |       |       |       |     3 ||     3
       Shortbow          |       |       |       |       |       |     3 ||     3
 Cast: Poisonous Vapours |       |     8 |    10 |    55 |   108 |    12 ||   193
       Call Canine Famil |       |       |       |     8 |     2 |     5 ||    15
       Summon Guardian G |       |       |       |     4 |     1 |     3 ||     8
       Foxfire           |       |       |       |     2 |    55 |   155 ||   212
       Sticky Flame      |       |       |       |     3 |     4 |     7 ||    14
       Hailstorm         |       |       |       |       |     2 |     4 ||     6
       Borgnjor's Vile C |       |       |       |       |    10 |   182 ||   192
       Mephitic Cloud    |       |       |       |       |     3 |    80 ||    83
       Agony             |       |       |       |       |     3 |       ||     3
       Apportation       |       |       |       |       |     1 |    21 ||    22
       Frozen Ramparts   |       |       |       |       |       |     6 ||     6
       Scorch            |       |       |       |       |       |     6 ||     6
       Flame Wave        |       |       |       |       |       |     3 ||     3
Invok: Potion Petition   |       |       |       |     2 |     2 |     8 ||    12
Evoke: Wand              |       |       |       |     5 |     4 |    13 ||    22
  Use: Scroll            |     7 |     5 |     3 |    18 |    10 |    17 ||    60
       Potion            |       |     8 |     2 |     4 |     2 |    32 ||    48
 Stab: Sleeping          |    11 |     5 |    12 |    10 |    42 |     9 ||    89
       Distracted        |       |     1 |     1 |     4 |     7 |     4 ||    17
       Paralysed         |       |       |     1 |       |       |     2 ||     3
       Confused          |       |       |     1 |       |     1 |    28 ||    30
       Petrified         |       |       |       |       |     1 |       ||     1
       Invisible         |       |       |       |       |       |     5 ||     5
Armor: Leather armour    |     2 |       |   179 |   194 |   340 |   370 ||  1085
       Ring mail         |    25 |    64 |    27 |       |       |       ||   116
       Skin              |       |     5 |       |       |       |    48 ||    53
Dodge: Dodged            |    60 |    85 |   299 |   451 |  1012 |   817 ||  2724
       Repelled          |       |       |       |       |     6 |    10 ||    16
Block: Other             |       |       |       |   131 |   284 |     4 ||   419
       Reflection        |       |       |       |     2 |    26 |       ||    28

Table legend: (Time is in decaauts)
 A = Elapsed time spent in this place.
 B = Non-inter-level travel time spent in this place.
 C = Inter-level travel time spent in this place.
 D = Time resting spent in this place.
 E = Time spent auto-exploring this place.
 F = Levels seen in this place.
 G = Mean time per level.
                   A        B        C        D        E       F      G
               +--------+--------+--------+--------+--------+-----+--------+
         Total |  50718 |  48425 |   2293 |  16156 |  21081 |  33 | 1536.9 |
       Dungeon |  16762 |  15642 |   1120 |   3103 |   8729 |  14 | 1197.3 |
        Temple |     14 |      7 |      7 |      0 |      0 |   1 |   14.0 |
          Lair |  10815 |  10126 |    689 |   2036 |   6109 |   6 | 1802.5 |
         Swamp |   2689 |   2671 |     18 |    588 |   1287 |   3 |  896.3 |
   Spider Nest |  12054 |  11693 |    361 |   6361 |   2774 |   4 | 3013.5 |
  Orcish Mines |   5006 |   4909 |     97 |   2417 |   1428 |   2 | 2503.0 |
       Ossuary |    324 |    324 |      0 |      0 |    168 |   1 |  324.0 |
        Bailey |   1345 |   1345 |      0 |    697 |    249 |   1 | 1345.0 |
      Ice Cave |   1705 |   1705 |      0 |    952 |    335 |   1 | 1705.0 |
               +--------+--------+--------+--------+--------+-----+--------+

Top non-repeatable levels by time:
Spider:1: 3385 daAuts
  Lair:2: 3251 daAuts
Spider:3: 3248 daAuts
Spider:4: 3014 daAuts
   Orc:2: 2680 daAuts
Spider:2: 2407 daAuts
   Orc:1: 2325 daAuts
     D:7: 1849 daAuts
    D:11: 1838 daAuts
    D:13: 1806 daAuts
  Lair:6: 1800 daAuts
   IceCv: 1705 daAuts
  Lair:4: 1643 daAuts
     D:4: 1603 daAuts
  Lair:5: 1521 daAuts
